 Dungeon Crawl Stone Soup version 0.24-a0-434-gd57e52fea8 (webtiles) character file.

Game seed: 11898750835843131381

68 Chimkentus the Conjurer (level 4, -9/28 HPs)
             Began as an Octopode Conjurer on June 17, 2019.
             Was an Initiate of Nemelex Xobeh.
             Mangled by an orc
             ... wielding a +0 trident
              (10 damage)
             ... on level 3 of the Dungeon.
             The game lasted 00:09:14 (2539 turns).

Chimkentus the Conjurer (Octopode Conjurer)         Turns: 2539, Time: 00:09:15

Health: -9/28      AC:  1    Str:  8    XL:     4   Next: 19%
Magic:  7/7        EV: 11    Int: 17    God:    Nemelex Xobeh [......]
Gold:   38         SH:  7    Dex: 12    Spells: 6/7 levels left

rFire    . . .     SeeInvis .   v - +0 short sword (drain)
rCold    . . .     Gourm    .   f - +0 shield
rNeg     . . .     Faith    .   (helmet restricted)
rPois    .         Spirit   .   (no amulet)
rElec    .         Reflect  .   (no ring)
rCorr    .         Harm     .   (no ring)
MR       .....                  (no ring)
Stlth    +++.......             (no ring)
HPRegen  0.09/turn              (no ring)
MPRegen  0.10/turn              (no ring)
                                (no ring)
                                (no ring)

@: no status effects
A: almost no armour, stealthy swim, amphibious, 8 rings, constrict 8, camouflage
1, gelatinous body 1
a: Draw Escape, Draw Destruction, Draw Summoning, Renounce Religion


You were on level 3 of the Dungeon.
You worshipped Nemelex Xobeh.
Nemelex Xobeh was noncommittal.
You were not hungry.

You visited 1 branch of the dungeon, and saw 3 of its levels.

You collected 38 gold pieces.

Inventory:

Hand Weapons
 c - a +0 short sword
 k - a +0 dagger
 s - a -3 spear
 v - a +0 short sword of draining (weapon)
Missiles
 e - 53 stones (quivered)
Armour
 f - a +0 shield (worn)
Scrolls
 g - a scroll of teleportation
 m - 2 scrolls of fear
 n - a scroll of magic mapping {unknown}
 o - a scroll of enchant armour {unknown}
 p - a scroll of noise {unknown}
 r - a scroll of amnesia {unknown}
 u - 3 scrolls of remove curse
 x - a scroll of identify {unknown}
Potions
 a - a potion of haste {unknown}
 d - 2 potions of curing {unknown}
 h - 2 potions of degeneration {unknown}
 i - a potion of flight {unknown}
 j - a potion of heal wounds {unknown}
 l - a potion of magic {unknown}
 q - a potion of agility {unknown}
 t - 3 potions of ambrosia {unknown}
 w - 2 potions of might
Comestibles
 b - 4 rations
 z - 5 chunks of flesh


   Skills:
 * Level 1.5 Fighting
 + Level 0.5 Short Blades
 * Level 2.3 Dodging
 + Level 3.4 Stealth
 * Level 1.1 Shields
 + Level 2.1 Spellcasting
 + Level 4.3 Conjurations
 * Level 0.8 Invocations


You had 6 spell levels left.
You knew the following spells:

 Your Spells              Type           Power        Failure   Level  Hunger
a - Magic Dart            Conj           ###.         21%         1    #......

Your spell library contained the following spells:

 Spells                   Type           Power        Failure   Level  Hunger
 Searing Ray              Conj           ###...       30%         2    ###....
 Dazzling Spray           Conj/Hex       #.....       80%         3    ###....
 Iskenderun's Mystic Bla  Conj           ###.....     89%         4    #####..
 Force Lance              Conj/Tloc      #.......     99%         4    #####..
 Fulminant Prism          Conj/Hex       #.........   99%         4    #####..


Dungeon Overview and Level Annotations

Branches:
Dungeon (3/15)

Altars:
Nemelex Xobeh


Innate Abilities, Weirdness & Mutations

You cannot wear most types of armour.
You are very stealthy in the water. (Stealth+)
You are amphibious.
You can wear up to eight rings at the same time.
You can use your tentacles to constrict eight enemies at once.
Your skin changes colour to match your surroundings (Stealth+).
Your rubbery body absorbs attacks. (AC +1, EV +1)


Message History

The orc is heavily wounded.
You constrict the orc.
The orc struggles to escape constriction.
You hit the orc.
You kill the orc!
You closely miss the orc. Your grab misses the orc.
You block the orc's attack. x2
You hit the orc. Your grab misses the orc.
The orc is moderately wounded.
The orc hits you from afar with a +0 trident.
You hit the orc. You drain the orc. You grab the orc. You squeeze the orc.
You kill the orc!
The orc hits you from afar with a +0 trident.
The orc priest invokes the aid of Beogh against you.
Beogh smites you!
* * * LOW HITPOINT WARNING * * *
Unknown command.
You draw a card...
You have drawn the Shaft.
A shaft materialises beneath you!
The orc hits you from afar with a +0 trident!
You die...
Your body disappears without a glow.

### ..# #.#
####.#####
..##....#...
.....o.o..#
#..o..o..# ####o####
#..@....# #.⌠...⌠.#
#.......#######
+...⌠...'.#...#
#.......#.#...###
#.⌠...⌠.#.......####
#.......#.....).....
####+####.......####
#.#...#####


You could see an orc priest and 2 orcs.

Vanquished Creatures
  An adder (D:2)
  2 worms
  2 dart slugs
  2 leopard geckos
  3 orcs (D:3)
  5 bats
  2 giant cockroaches (D:1)
  5 goblins
  5 hobgoblins (D:1)
  2 frilled lizards (D:2)
  8 kobolds
  9 rats
46 creatures vanquished.

Notes
Turn   | Place    | Note
-------+----------+-------------------------------------------
     0 | D:1      | Chimkentus the Octopode Conjurer began the quest for the
                  | Orb.
     0 | D:1      | Reached XP level 1. HP: 11/11 MP: 3/3
   356 | D:1      | Reached XP level 2. HP: 18/18 MP: 5/5
   550 | D:1      | Reached skill level 1 in Fighting
   951 | D:1      | Reached XP level 3. HP: 23/23 MP: 2/6
  1286 | D:2      | Found a sparkling altar of Nemelex Xobeh.
  1290 | D:2      | Became a worshipper of Nemelex Xobeh the Trickster
  1532 | D:2      | Received a gift from Nemelex Xobeh
  1801 | D:2      | Reached skill level 1 in Shields
  2212 | D:3      | Reached XP level 4. HP: 28/28 MP: 4/7
  2538 | D:3      | HP: 1/28 [orc priest/divine providence (12)]
  2539 | D:3      | Mangled by an orc

Levels and vault maps discovered:
D:1:      matt_arrival_diagonals, layout_basic
D:2:      layout_basic, nemelex_xobeh_ov_fountains_minmay,
          corexii_item_surrounded_by_moat
D:3:      layout_loops_ring, minmay_fountain_box, minivault_25

Skill      XL: |  1  2  3 |
---------------+----------+-----
Fighting       | 1 |  1.5
Stealth        | 3 |  3.4
Shields        | 1 |  1.1
Short Blades   | |  0.5
Dodging        | |  2.3
Spellcasting   | |  2.1
Conjurations   | |  4.3
Invocations    | |  0.8

Action                   |  1- 3 |  4- 6 || total
-------------------------+-------+-------++-------
Melee: Short sword       |    57 |     9 ||    66
       Tentacles         |     6 |     2 ||     8
       Constrict         |    11 |     3 ||    14
 Cast: Magic Dart        |    34 |     7 ||    41
 Abil: Draw Escape       |       |     1 ||     1
  Use: Scroll            |     5 |       ||     5
 Stab: Sleeping          |    10 |     2 ||    12
  Eat: Chunk             |     3 |       ||     3
       Ration            |       |     1 ||     1
Armor: Skin              |     7 |       ||     7
Dodge: Dodged            |    27 |     1 ||    28
Block: Shield            |    10 |     2 ||    12

Table legend:
 A = Non-vault XP
 B = Vault XP
 C = Vault XP percentage of total XP
 D = Non-vault monster count
 E = Vault monster count
 F = Vault count percentage of total count
                 A         B        C        D         E       F
            +---------+---------+-------+---------+---------+-------
      Total |      98 |       0 |   0.0 |      46 |       0 |   0.0
            +---------+---------+-------+---------+---------+-------
        D:1 |      36 |       0 |   0.0 |      20 |       0 |   0.0
        D:2 |      45 |       0 |   0.0 |      19 |       0 |   0.0
        D:3 |      17 |       0 |   0.0 |       7 |       0 |   0.0
            +---------+---------+-------+---------+---------+-------
